 Dungeon Crawl Stone Soup version 0.30.0-15-g856e2d3f33 (webtiles) character file.

Game seed: 4151253934325508246

3354 Kenran the Carver (level 10, -2/60 HPs)
             Began as a Gargoyle Berserker on May 19, 2023.
             Was a Priest of Trog.
             Slain by a chaos spawn (12 damage)
             ... on level 1 of the Abyss.
             The game lasted 00:12:28 (7269 turns).

Kenran the Carver (Gargoyle Berserker)              Turns: 7269, Time: 00:12:28

Health: -2/60      AC: 22    Str: 21    XL:     10   Next: 3%
Magic:  10/10      EV: 12    Int:  8    God:    Trog [***...]
Gold:   462        SH:  0    Dex: 19    Spells: 9/9 levels left

rFire   . . .        a - +3 scimitar (freeze)
rCold   . . .        (no shield)
rNeg    + . .        F - +0 plate armour
rPois   ∞            u - +0 helmet
rElec   +            D - +1 cloak
rCorr   .            (no gloves)
SInv    .            (no boots)
Will    +....        (no amulet) Stlth
                     w - ring of willpower
HPRegen 0.30/turn    I - +6 ring of dexterity
MPRegen 0.12/turn

%: no passive effects
@: agile, on berserk cooldown, slowed, studying Unarmed Combat, very slow
A: sickness immunity, AC +7, negative energy resistance 1, electricity
resistance, torment resistance 1, petrification resistance
a: Renounce Religion, Berserk, Trog's Hand


You were on level 1 of the Abyss.
You worshipped Trog.
Trog was most pleased with you.
You visited 1 branch of the dungeon, and saw 8 of its levels.
You visited the Abyss 1 time.

You collected 462 gold pieces.

Inventory:

Hand Weapons
 a - a +3 scimitar of freezing (weapon)
 C - a +5 spear of freezing
Armour
 u - a +0 helmet (worn)
 D - a +1 cloak (worn)
 F - a +0 plate armour (worn)
Jewellery
 w - a ring of willpower (left hand)
 I - a +6 ring of dexterity (right hand)
Wands
 n - a wand of flame (16)
 s - a wand of quicksilver (1)
 A - a wand of polymorph (4)
 E - a wand of iceblast (11)
 H - a wand of paralysis (16)
Scrolls
 d - a scroll of magic mapping
 g - 3 scrolls of fear
 i - 2 scrolls of silence
 m - 3 scrolls of teleportation
 p - a scroll of vulnerability {unknown}
 q - 2 scrolls of enchant armour
 r - 3 scrolls of immolation {!r}
 t - 2 scrolls of amnesia {unknown}
 v - 3 scrolls of enchant weapon {unknown}
 x - 4 scrolls of poison {unknown}
 y - a scroll of fog {unknown}
 G - a scroll of noise {unknown}
Potions
 b - 4 potions of brilliance {unknown}
 c - 3 potions of curing {@q1}
 e - 3 potions of mutation {!q}
 f - 2 potions of ambrosia
 h - 2 potions of berserk rage {unknown}
 j - 2 potions of attraction {unknown}
 k - 2 potions of might {unknown}
 l - 4 potions of degeneration {unknown}
 o - 2 potions of flight {unknown}
 z - a potion of haste {unknown}
 B - a potion of magic {unknown}


   Skills:
 - Level 6.0 Fighting
 + Level 11.9 Long Blades
 - Level 4.0 Armour
 - Level 1.5 Dodging


You had 9 spell levels left.
You didn't know any spells.
Your spell library was empty.

Dungeon Overview and Level Annotations

Branches:
Dungeon (8/15)             Temple (0/1) D:4
   Lair: D:8-11

Altars:
Gozag
Kikubaaqudgha
Makhleb
Qazlal
Trog
Wu Jian

Shops:
D:5 =


Innate Abilities, Weirdness & Mutations

You are immune to sickness and miasma.
Your stone body is resilient. (AC +7)
You are immune to poison.
You resist negative energy. (rN+)
You are resistant to electric shocks. (rElec)
You are resistant to unholy torment.
You are immune to petrification.


Message History

You slash the rust devil! You freeze the rust devil.
The rust devil is moderately wounded.
The rust devil barely misses you.
You slash the rust devil! You freeze the rust devil.
The rust devil is heavily wounded.
You slice the rust devil!!
You kill the rust devil!
Trog accepts your kill.
A chaos spawn comes into view.
You have reached level 10!
The chaos spawn bellows!
You feel a strong urge to attack something.
You feel your anger nearly subside.
You are no longer berserk.
You are exhausted.
You feel yourself slow down.
You slash the chaos spawn! You freeze the chaos spawn.
The chaos spawn is heavily wounded.
The chaos spawn hits you! The chaos spawn freezes you!
The chaos spawn gores you!
You are engulfed in flames!
You are too injured to fight recklessly!
You are too injured to fight recklessly!
You barely miss the chaos spawn.
The chaos spawn is heavily wounded.
The chaos spawn closely misses you.
You hit the chaos spawn. You freeze the chaos spawn.
The chaos spawn is severely wounded.
The chaos spawn hits you!
* * * LOW HITPOINT WARNING * * *
The chaos spawn freezes you!
* * * LOW HITPOINT WARNING * * *
You feel better. The chaos spawn gores you!
* * * LOW HITPOINT WARNING * * *
You feel agile all of a sudden.
You feel better. The chaos spawn barely misses you. x2
You barely miss the chaos spawn.
The chaos spawn is severely wounded.
The chaos spawn gores you.
* * * LOW HITPOINT WARNING * * *
The chaos spawn freezes you!
You die...

. .. #
##.≣ #
#... .
.#
#..#
#▓#4.#
.#.@#
≣.≣# .
. ###
# # ≣
.. .
## ..
# .#


You could see a chaos spawn.

Vanquished Creatures
  A two-headed ogre (D:7)
  A rust devil (Abyss:1)
  A steam dragon (D:7)
  An orc warrior (D:7)
  3 black bears
  3 ice beasts
  2 ogres
  A centaur (D:8)
  A gnoll sergeant (D:6)
  3 bullfrogs
  2 scorpions
  6 wights
  2 jellies (D:6)
  4 hounds
  3 orc priests
  A gnoll bouda (D:6)
  2 sleepcaps
  4 iguanas
  4 orc wizards
  4 gnolls (D:6)
  6 adders
  2 shadow imps (D:7)
  2 white imps (D:7)
  An ufetubus (D:6)
  A dart slug (D:5)
  30 orcs
  14 ball pythons
  4 endoplasms
  5 giant cockroaches
  6 goblins
  3 hobgoblins
  7 jackals
  3 quokkas
  6 bats
  4 frilled lizards (D:1)
  7 kobolds
  5 rats
155 creatures vanquished.

Vanquished Creatures (others)
  A wizard (D:5)
1 creature vanquished.

Grand Total: 156 creatures vanquished

Notes
Turn   | Place    | Note
-------+----------+-------------------------------------------
     0 | D:1      | Kenran the Gargoyle Berserker began the quest for the Orb.
     0 | D:1      | Reached XP level 1. HP: 14/14 MP: 1/1
    31 | D:1      | Reached skill level 3 in Long Blades
   102 | D:1      | Reached XP level 2. HP: 19/19 MP: 2/2
   615 | D:1      | Reached ** piety under Trog
   621 | D:1      | Reached XP level 3. HP: 18/23 MP: 3/3
   932 | D:2      | Reached skill level 4 in Long Blades
  1452 | D:3      | Reached XP level 4. HP: 28/28 MP: 4/4
  1489 | D:3      | Identified the +4 dagger "Wuarus" {venom, rPois rCorr}
  1907 | D:3      | Reached skill level 5 in Long Blades
  1907 | D:3      | Reached XP level 5. HP: 32/32 MP: 5/5
  1991 | D:4      | Found a staircase to the Ecumenical Temple.
  2038 | D:4      | Reached XP level 6. HP: 13/37 MP: 6/6
  2052 | D:4      | Reached skill level 6 in Long Blades
  2175 | D:4      | Found an ornate altar of the Wu Jian Council.
  2240 | D:4      | You fall into a shaft and drop 2 floors!
  2416 | D:6      | Noticed an ice beast
  2568 | D:5      | Entered Level 5 of the Dungeon
  2648 | D:5      | Reached skill level 7 in Long Blades
  2648 | D:5      | Reached XP level 7. HP: 24/41 MP: 7/7
  2657 | D:5      | HP: 2/41 [iguana (11)]
  3243 | D:4      | Reached *** piety under Trog
  3380 | D:5      | Found a stormy altar of Qazlal.
  3570 | D:5      | Found a burning altar of Makhleb.
  3585 | D:5      | Found an ancient bone altar of Kikubaaqudgha.
  3747 | D:5      | Found Fibrel's Jewellery Shop.
  3961 | D:5      | Found a bloodstained altar of Trog.
  3962 | D:5      | Noticed a wizard
  3969 | D:5      | Killed a wizard
  4385 | D:6      | Reached skill level 8 in Long Blades
  4503 | D:6      | Reached XP level 8. HP: 32/46 MP: 8/8
  4711 | D:6      | Reached skill level 9 in Long Blades
  5641 | D:7      | Reached skill level 10 in Long Blades
  5814 | D:7      | Noticed a two-headed ogre
  6060 | D:7      | Killed a two-headed ogre
  6061 | D:7      | Reached skill level 5 in Fighting
  6061 | D:7      | Reached XP level 9. HP: 54/54 MP: 9/9
  6645 | D:7      | Reached skill level 11 in Long Blades
  6953 | D:8      | Found an opulent altar of Gozag.
  7093 | Abyss:1  | Cast into level 1 of the Abyss (wight)
  7247 | Abyss:1  | Noticed a rust devil
  7257 | Abyss:1  | Killed a rust devil
  7258 | Abyss:1  | Reached XP level 10. HP: 60/60 MP: 10/10
  7269 | Abyss:1  | Slain by a chaos spawn

Illustrated notes

Levels and vault maps discovered:
D:1:      ncdulo_lavacross, layout_loops_ring, minmay_misc_feat_chi,
          minmay_fountain_box, minmay_split_cup_small
D:2:      layout_rooms
D:3:      layout_basic, kennysheep_generic_room_9
D:4:      layout_rooms, mainiacjoe_overflow_catwalk,
          minmay_temple_entry_steel_oval
D:5:      layout_basic, kiku_gazebo_pond_becter, mainiacjoe_overflow_chevrons,
          trog_wizard, lemuel_crystal_altar, serial_shops, shop,
          grunt_decor_arrowhead, minmay_misc_feat_enclosed
D:6:      layout_loops_ring, kennysheep_generic_room_4
D:7:      layout_basic, grunt_ministairs_10, st_stairs_5
D:8:      layout_cave_pools, grunt_gozag_breadcrumbs
Abyss:1:  base: D:6, abyss_fake_exit

Skill      XL: |  1  2  3  4  5  6  7  8  9 |
---------------+----------------------------+-----
Long Blades    | 3 4 5 7 8 10 11 | 11.9
Fighting       | 5 6 |  6.0
Armour         | 4 |  4.0
Dodging        | |  1.5

Action                     |  1- 3 |  4- 6 |  7- 9 | 10-12 || total
---------------------------+-------+-------+-------+-------++-------
  Melee: Falchion          |   135 |   187 |    96 |       ||   418
         Punch             |     1 |     4 |     6 |       ||    11
         Long sword        |       |       |   170 |       ||   170
         Scimitar          |       |       |   131 |     4 ||   135
 Invoke: Berserk           |       |     4 |     5 |       ||     9
         Trog's Hand       |       |       |     2 |       ||     2
    Use: Scroll            |     5 |     2 |     2 |       ||     9
         Potion            |       |     3 |     3 |     2 ||     8
   Stab: Sleeping          |     1 |       |       |       ||     1
 Armour: Animal skin       |    50 |       |       |       ||    50
         Ring mail         |    12 |     4 |       |       ||    16
         Chain mail        |       |   100 |   176 |       ||   276
         Plate armour      |       |       |   102 |       ||   102
  Dodge: Dodged            |   105 |    75 |   160 |     3 ||   343
